 Dungeon Crawl Stone Soup version 0.21-a0-356-g45b0a09 (webtiles) character file.

203092 Hasart the Unseen (level 18, -20/87 HPs)
             Began as a Spriggan Enchanter on Oct 11, 2017.
             Was an Initiate of Gozag.
             Demolished by a deep elf blademaster
             ... wielding a cursed -2 short sword
              (23 damage)
             ... on level 3 of the Elven Halls on Oct 12, 2017.
             The game lasted 03:24:58 (42190 turns).

Hasart the Unseen (Spriggan Enchanter)             Turns: 42190, Time: 03:25:00

Health: -20/87     AC:  3    Str:  4    XL:     18   Next: 35%
Magic:  23/38      EV: 31    Int: 25    God:    Gozag
Gold:   1646       SH:  8    Dex: 21    Spells: 12/47 levels left

rFire    . . .     SeeInvis +   W - +0 dagger (elec)
rCold    . . .     Gourm    .   x - +0 buckler
rNeg     . . .     Faith    .   F - +1 robe {MR+}
rPois    +         Spirit   .   H - +2 hat
rElec    +         Reflect  .   G - -1 cloak "Cadyaffa" {Int+2 Dex+3}
rCorr    .         Harm     .   (gloves unavailable)
MR       ++++.                  (boots unavailable)
Stlth    ++++++++..             y - amulet of magic regeneration
HPRegen  0.24/turn              l - ring of wizardry
MPRegen  0.51/turn              U - ring "Orchuux" {*Slow rElec rPois Slay+2 Stlth+}

@: about to teleport, corroded, gold aura, starving, very quick
A: unfitting armour, molten scales 1, see invisible, blink, herbivore 3, speed
3, slow metabolism 2
a: Blink, Potion Petition, Call Merchant, Bribe Branch, Renounce Religion


You were on level 3 of the Elven Halls.
You worshipped Gozag.
Gozag was most pleased with you.
You were starving.

You visited 8 branches of the dungeon, and saw 32 of its levels.
You visited the Abyss 1 time.
You also visited: Labyrinth, Sewer, Ossuary and Volcano.

You collected 11098 gold pieces.
You spent 1736 gold pieces at shops.
You paid 7716 gold pieces to Gozag.

Inventory:

Hand Weapons
 K - a +0 rapier
 Q - a +1 dagger of venom
 W - a +0 dagger of electrocution (weapon)
Missiles
 A - 5 throwing nets (quivered)
Armour
 x - a +0 buckler (worn)
 F - a +1 robe of magic resistance (worn)
 G - the -1 cloak "Cadyaffa" (worn) {Int+2 Dex+3}
   (You found it on level 3 of the Lair of Beasts)

   It affects your intelligence (+2).
   It affects your dexterity (+3).
 H - a +2 hat (worn)
 J - a +1 cloak of poison resistance
 R - a scarf of repulsion
Jewellery
 b - a cursed ring of loudness {unknown}
 h - an uncursed ring of stealth
 l - a ring of wizardry (left hand)
 y - an amulet of magic regeneration (around neck)
 E - an uncursed amulet of regeneration
 I - an uncursed ring of ice
 P - a +5 ring of dexterity
 U - the ring "Orchuux" (right hand) {*Slow rElec rPois Slay+2 Stlth+}
   (You bought it in a shop on level 2 of the Lair of Beasts)

   [ring of stealth]

   It affects your accuracy and damage with ranged weapons and melee attacks
   (+2).
   It insulates you from electricity.
   It protects you from poison.
   It may slow you when you take damage.
   It makes you more stealthy.
Wands
 o - a wand of digging (10/24)
 q - a wand of scattershot (4/9)
 N - a wand of iceblast (7/15)
Scrolls
 a - 12 scrolls of remove curse
 c - 2 scrolls of holy word
 m - 19 scrolls of identify
 n - 3 scrolls of magic mapping
 p - 3 scrolls of fear
 r - 17 scrolls of teleportation
 u - 5 scrolls of fog
 z - 3 scrolls of blinking
 B - a scroll of silence
 D - 4 scrolls of recharging
Potions
 e - 8 potions of agility
 g - 12 potions of curing
 i - a potion of haste
 j - 6 potions of flight
 k - 15 potions of heal wounds
 t - 3 potions of mutation
 v - 4 potions of cancellation
 w - 3 potions of might
 C - a potion of invisibility
 M - a potion of ambrosia
Books
 T - a book of Summonings

   Spells                             Type                      Level
   a - Recall                         Summoning/Translocation      3
   b - Aura of Abjuration             Summoning                    5
   c - Summon Demon                   Summoning                    5
   d - Summon Forest                  Summoning/Translocation      5
   e - Summon Mana Viper              Hexes/Summoning              5
   f - Shadow Creatures               Summoning                    6
 Y - a book of Enchantments

   Spells                             Type                      Level
   a - Cause Fear                     Hexes                        4
   b - Yara's Violent Unravelling     Hexes/Transmutation          5
   c - Silence                        Hexes/Air                    5
   d - Deflect Missiles               Charms/Air                   6
   e - Discord                        Hexes                        8
Miscellaneous
 s - a sack of spiders
 O - a fan of gales
 Z - a lightning rod (4/4)
Comestibles
 d - 7 bread rations
 L - 36 fruits


   Skills:
 - Level 6.4 Fighting
 - Level 9.1 Short Blades
 - Level 13.4 Dodging
 + Level 18.8 Stealth
 + Level 5.0 Shields
 + Level 15.1 Spellcasting
 + Level 3.4 Conjurations
 * Level 18.4 Hexes
 - Level 5.6 Charms
 - Level 4.9 Necromancy
 - Level 4.0 Translocations
 - Level 10.7 Transmutations
   Level 2.4 Fire Magic
 * Level 4.8 Air Magic
 - Level 8.8 Earth Magic


You had 12 spell levels left.
You knew the following spells:

 Your Spells              Type           Power        Failure   Level  Hunger
a - Stone Arrow           Conj/Erth      #####.       1%          3    None
b - Ensorcelled Hibernat  Hex/Ice        ######       1%          2    None
c - Confuse               Hex            #######.     0%          3    None
d - Dazzling Spray        Conj/Hex       ######       1%          3    None
e - Tukima's Dance        Hex            #######.     0%          3    None
f - Blink                 Tloc           N/A          1%          2    None
g - Statue Form           Tmut/Erth      ######...    3%          6    ####...
h - Swiftness             Chrm/Air       #####...     1%          2    None
i - Discord               Hex            #######...   4%          8    #######
p - Regeneration          Chrm/Necr      #####.....   1%          3    None


Dungeon Overview and Level Annotations

Branches:
Dungeon (15/15)            Temple (1/1) D:4            Lair (6/6) D:10
 Shoals (2/4) Lair:2        Snake (1/4) Lair:4        Slime (0/5) Lair:6
    Orc (2/2) D:11            Elf (3/3) Orc:2        Vaults (0/5) D:14
 Depths (2/5) D:15

Altars:
Ashenzari
Cheibriados
Dithmenos
Elyvilon
Fedhas
Gozag
Hepliaklqana
Kikubaaqudgha
Makhleb
Nemelex Xobeh
Okawaru
Qazlal
Ru
Sif Muna
Trog
Uskayaw
Vehumet
Wu Jian
Xom
Yredelemnul
Zin
The Shining One
Beogh

Shops:
D:4 }   D:8 *   D:9 ?   D:11 =   D:14 *   Orc:2 *%}![   Lair:2 *===[=
Shoals:1 (   Depths:1 [:([

Portals:
Hell: Depths:1
Abyss: Depths:1
Pandemonium: Depths:1
Ziggurat: Depths:2

Annotations:
D:5 2 transporters
Lair:6 exclusion: oklob plant


Innate Abilities, Weirdness & Mutations

You are very small and have problems with some larger weapons.
You are too small for most types of armour.
You have supernaturally acute eyesight. (SInv)
You are a herbivore.
You cover ground extremely quickly.
You need consume almost no food.
You are partially covered in molten scales. (AC +2)
You can translocate small distances at will.


Message History

Unknown command.
The deep elf master archer hits the deep elf sorcerer but does no damage.
The deep elf sorcerer gestures at you while chanting.
The bolt of acid misses you.
You feel a bit more experienced.
There is an open door here.
You close the door.
Something unseen opens the door.
As you read the scroll of teleportation, it crumbles to dust.
You feel strangely unstable.
Unknown command.
You are no longer corroded.
The deep elf sorcerer gestures at you while chanting.
The bolt of acid hits you!
* * * LOW HITPOINT WARNING * * *
The acid corrodes you!
You are splashed with acid!
The acid burns!
* * * LOW HITPOINT WARNING * * *
The deep elf blademaster hits you with a short sword!!
You die...
Your body crumbles into a pile of gold.

############.############
#.$.$)$($[##.##|))|)).)|#
#.)$($.$[$##.##)$.%)|()$#
#.e$e$$($)##.##)=}e$eee:#
#.[$)e)$)$##)##).%/[$$}:#
#e##########)# #(###
#...)#######.###### #$($#
#.#####...≈≈.≈≈...# #$$$#
#e#####...≈≈(≈≈@[.###$$$#
#.........≈≈.≈≈.e.e.###.#
#..)###...≈≈.≈≈...#.# #e#
#..##.######)######.###e#
#.##......[[........e##.#
#.#...))...)[.........#.#
#.'.........⌠.........e.#
#.#...................#.#
#)##..((..)..........##.#


You could see a deep elf blademaster and a deep elf sorcerer.

Vanquished Creatures
  Bai Suzhen (Depths:1)
  A deep elf master archer (Elf:3)
  A deep elf blademaster (Elf:3)
  A tengu reaver (Depths:1)
  2 fire giants
  A deep elf sorcerer (Elf:3)
  2 deep elf elementalists (Elf:3)
  3 very ugly things (Depths:1)
  3 stone giants
  2 deep elf demonologists
  A deep elf annihilator (Elf:3)
  Azrael (D:13)
  A minotaur (Lab)
  2 ettins (Depths:1)
  A deep elf high priest (Elf:3)
  A great orb of eyes (Depths:1)
  A naga warrior (Lair:4)
  Harold (D:10)
  The ghost of tof the Cruncher, a journeyman MiGl of Wu Jian (Volcano)
  3 fire dragons
  Fannar (D:12)
  The ghost of VirginKiller the Martial Artist, a journeyman DgSk (Volcano)
  2 ice dragons (D:15)
  A merfolk avatar (Shoals:1)
  5 hydras
  2 centaur warriors
  Erica (D:9)
  11 two-headed ogres
  6 death yaks
  2 ogre magi (Depths:1)
  4 tengu warriors
  2 deep troll shamans (Depths:1)
  10 deep elf knights
  3 orc high priests (Orc:2)
  Urug (D:10)
  Sonja (D:13)
  2 fire crabs
  The ghost of Yermak the Transmogrifier, a novice DgTm (D:10)
  A salamander mystic (Depths:1)
  2 hell knights (Depths:2)
  3 sea snakes
  An iron troll (Depths:1)
  2 unseen horrors (Lab)
  A deep troll (Depths:1)
  A lindwurm (Volcano)
  15 deep elf archers
  Pikel (D:9)
  4 harpies (Shoals:2)
  46 deep elf magi
  5 orc knights (Orc:2)
  A cyclops (D:13)
  3 ugly things
  4 salamanders
  3 manticores
  4 orc sorcerers (Orc:2)
  7 fauns
  3 merfolk sirens
  3 elephants (Lair:3)
  2 centaur zombies
  3 water nymphs
  A rust devil (Depths:1)
  The ghost of kal9871 the Skirmisher, a novice HuMo (D:4)
  2 molten gargoyles (Volcano)
  5 black mambas
  19 spiny frogs
  5 centaur skeletons
  3 rime drakes
  A yaktaur (shapeshifter) (Elf:3)
  7 komodo dragons
  5 yaktaurs
  5 trolls
  2 wind drakes (Shoals:1)
  4 merfolk
  5 tyrant leeches (Lair:6)
  2 hornets
  30 blink frogs
  2 polar bears (Lair:6)
  A harpy skeleton (D:15)
  13 slime creatures
  A snapping turtle (shapeshifter) (D:15)
  13 hippogriffs
  2 snapping turtles
  A tarantella (shapeshifter) (Elf:2)
  7 shadows
  2 fire bats (Volcano)
  2 air elementals
  5 wyverns
  3 wraiths
  5 water elementals
  76 yaks
  A basilisk (shapeshifter) (D:15)
  7 fire elementals
  4 basilisks
  11 vampire mosquitoes
  A soldier ant (D:8)
  An acid dragon (D:14)
  4 wargs
  3 nagas (Lair:4)
  7 hell hounds
  8 water moccasins
  Duvessa (D:7)
  20 orc warriors
  14 porcupines
  7 ice beasts
  A sky beast (D:8)
  3 black bears
  An eye of draining (shapeshifter) (Elf:2)
  2 slaves (D:9)
  A hornet zombie (D:14)
  A necrophage (D:10)
  18 ogres
  4 wolves (Lair:4)
  A boggart (Depths:1)
  2 phantoms
  14 centaurs
  9 crocodiles
  3 big kobolds
  2 elf zombies (Ossuary)
  17 bullfrogs
  2 earth elementals (Elf:1)
  Dowan (D:7)
  3 scorpions
  2 wyvern skeletons
  19 wights
  4 killer bees (D:11)
  A troll skeleton (Lab)
  3 howler monkeys
  3 electric eels (Lair:2)
  2 spriggan skeletons (Lab)
  6 crimson imps
  2 lava snakes (Volcano)
  2 quasits
  3 hounds
  17 orc priests
  4 jellies
  5 bullfrog skeletons
  27 orc wizards
  5 iguanas
  Natasha (thrice) (D:3)
  12 worker ants
  2 hound skeletons
  3 hound zombies
  3 mummies (Ossuary)
  A howler monkey skeleton (D:5)
  3 worker ant zombies
  3 gnolls (D:4)
  13 adders
  3 river rats (D:4)
  4 shadow imps
  A white imp (D:12)
  5 oozes
  8 adder zombies
  3 worms (D:4)
  A dart slug (D:1)
  12 leopard geckos
  63 orcs
  6 ball pythons
  9 giant cockroaches
  4 goblins
  7 hobgoblins
  10 jackals
  25 kobolds
  4 quokkas
  9 bats
  5 frilled lizards
  4 goblin zombies
  2 hobgoblin zombies (Ossuary)
  2 jackal zombies
  A leopard gecko skeleton (D:7)
  A leopard gecko zombie (D:7)
  An orc zombie (Ossuary)
  2 quokka skeletons
  11 rats
  A rat zombie (D:6)
  2 plants (Lair:6)
959 creatures vanquished.

Vanquished Creatures (collateral kills)
  3 deep elf sorcerers (Elf:3)
  A deep elf demonologist (Elf:3)
  2 deep elf annihilators (Elf:3)
  3 deep elf death magi (Elf:3)
  A two-headed ogre (D:8)
  A dancing weapon (Elf:3)
  A centaur warrior (Depths:1)
  2 deep elf archers (Elf:3)
  2 deep elf magi (Elf:3)
  2 yaktaurs (Depths:1)
  A fire elemental (Elf:3)
  A naga (Lair:4)
20 creatures vanquished.

Vanquished Creatures (others)
  A deep elf master archer (Elf:3)
  A deep elf sorcerer (Elf:3)
  A deep elf elementalist (Elf:3)
  A deep elf high priest (Elf:3)
  A two-headed ogre (D:8)
  15 dancing weapons
  A deep elf knight (Elf:3)
  A deep elf archer (Elf:3)
  A deep elf mage (Elf:3)
  A yaktaur (Depths:1)
  A hungry ghost (D:7)
  2 ogres
  A phantom (D:5)
  2 centaurs (Depths:1)
  A bullfrog (Lair:6)
  A mummy (Ossuary)
  A worker ant zombie (D:6)
  A gnoll (D:4)
  A river rat (D:4)
  An orc (D:8)
  A jackal (D:2)
  A bat (D:1)
  11 fungi
  24 plants
73 creatures vanquished.

Grand Total: 1052 creatures vanquished

Notes
Turn   | Place    | Note
-------+----------+-------------------------------------------
     0 | D:1      | Hasart the Spriggan Enchanter began the quest for the Orb.
     0 | D:1      | Reached XP level 1. HP: 9/9 MP: 5/5
   504 | D:1      | Reached XP level 2. HP: 8/13 MP: 5/7
   547 | D:1      | Learned a level 2 spell: Ensorcelled Hibernation
  1275 | D:1      | Reached XP level 3. HP: 16/16 MP: 5/8
  1728 | D:2      | Reached skill level 5 in Hexes
  1992 | D:2      | Reached XP level 4. HP: 21/21 MP: 7/10
  2003 | D:2      | Found a glowing golden altar of the Shining One.
  2511 | D:3      | Noticed Natasha
  2519 | D:3      | Killed Natasha
  2535 | D:3      | Noticed Natasha
  2542 | D:3      | Killed Natasha
  2542 | D:3      | Reached skill level 5 in Stealth
  2547 | D:3      | Learned a level 3 spell: Confuse
  2574 | D:3      | Reached XP level 5. HP: 22/24 MP: 9/12
  2989 | D:3      | Noticed Natasha
  3001 | D:3      | Killed Natasha
  3424 | D:4      | Found a staircase to the Ecumenical Temple.
  3452 | Temple   | Entered the Ecumenical Temple
  3530 | Temple   | Became a worshipper of Gozag Ym Sagoz the Greedy
  3549 | D:4      | Found Viwuivecs's Gadget Shop.
  3554 | D:4      | Noticed an ogre
  3589 | D:4      | Reached XP level 6. HP: 19/28 MP: 2/13
  3845 | D:4      | Reached skill level 5 in Spellcasting
  3847 | D:4      | Noticed kal9871's ghost (novice HuMo)
  3884 | D:4      | Killed kal9871's ghost
  3884 | D:4      | Reached XP level 7. HP: 19/32 MP: 10/16
  3920 | D:4      | Found a glowing drain.
  3932 | Sewer    | Entered a sewer
  4178 | Sewer    | Learned a level 3 spell: Dazzling Spray
  5096 | D:4      | Reached XP level 8. HP: 36/36 MP: 15/18
  5121 | D:4      | Learned a level 3 spell: Tukima's Dance
  5269 | D:5      | Entered Level 5 of the Dungeon
  5289 | D:5      | Found a transporter.
  5348 | D:5      | Found a transporter.
  6502 | D:6      | Found a sand-covered staircase.
  6528 | Ossuary  | Entered an ossuary
  6716 | Ossuary  | Reached skill level 10 in Hexes
  7463 | D:6      | Reached XP level 9. HP: 39/39 MP: 21/21
  7718 | D:7      | Noticed Duvessa
  7721 | D:7      | Noticed Dowan
  7727 | D:7      | Killed Duvessa
  7731 | D:7      | Killed Dowan
  8107 | D:8      | Reached skill level 10 in Stealth
  8220 | D:8      | Paralysed by a hornet for 3 turns
  8588 | D:8      | Noticed a two-headed ogre
  8594 | D:8      | Noticed a two-headed ogre
  8605 | D:8      | Banished a two-headed ogre
  8605 | D:8      | Reached skill level 5 in Dodging
  8715 | D:8      | Killed a two-headed ogre
  8922 | D:8      | Reached XP level 10. HP: 40/44 MP: 20/23
  8936 | D:8      | Bought a scroll labeled JAUFAI FIBREAH TED for 34 gold pieces
  9288 | D:5      | Cast into level 3 of the Abyss (a distortion unwield)
  9323 | Abyss:3  | Noticed a large abomination
  9417 | Abyss:3  | Noticed a starcursed mass
  9460 | D:5      | Escaped the Abyss
 10302 | D:9      | Learned a level 3 spell: Regeneration
 10332 | D:9      | Noticed a brown ugly thing
 10333 | D:9      | Noticed Erica
 10339 | D:9      | Killed a brown ugly thing
 10339 | D:9      | Reached skill level 1 in Charms
 10344 | D:9      | Killed Erica
 10461 | D:9      | Noticed Pikel
 10660 | D:9      | Found Gicseuts's Magic Scroll Shoppe.
 10700 | D:9      | Killed Pikel
 10700 | D:9      | Reached skill level 5 in Short Blades
 10940 | D:9      | Found a shadowy altar of Dithmenos.
 11054 | D:10     | Entered Level 10 of the Dungeon
 11055 | D:10     | Found a staircase to the Lair.
 11202 | D:10     | Noticed Yermak's ghost (novice DgTm)
 11314 | D:10     | Killed Yermak's ghost
 11371 | D:10     | Reached XP level 11. HP: 47/47 MP: 19/25
 11498 | D:10     | Noticed Urug
 11511 | D:10     | Killed Urug
 11847 | D:10     | Reached skill level 5 in Charms
 11931 | D:10     | Noticed a centaur warrior
 11942 | D:10     | Killed a centaur warrior
 11957 | D:10     | Found a hide-covered altar of Uskayaw.
 12214 | D:10     | Noticed Harold
 12224 | D:10     | Killed Harold
 12748 | D:11     | Reached skill level 10 in Spellcasting
 12808 | D:11     | Found Qopiol Luda's Jewellery Shoppe.
 12872 | D:11     | Found a staircase to the Orcish Mines.
 13306 | D:11     | Reached skill level 1 in Necromancy
 14192 | D:12     | Noticed a two-headed ogre
 14219 | D:12     | Killed a two-headed ogre
 14406 | D:12     | Reached XP level 12. HP: 51/51 MP: 27/27
 14524 | D:12     | Noticed Fannar
 14531 | D:12     | Killed Fannar
 14675 | Lair:1   | Entered Level 1 of the Lair of Beasts
 15176 | Lair:1   | Reached skill level 10 in Dodging
 15850 | Lair:2   | Found a labyrinth entrance.
 15859 | Lab      | Entered a labyrinth
 16095 | Lab      | Noticed a minotaur
 16099 | Lab      | Killed a minotaur
 16099 | Lab      | Reached skill level 15 in Hexes
 16144 | Lair:2   | Gained mutation: Your magical capacity is low. (-10% MP) [potion of mutation]
 16144 | Lair:2   | Gained mutation: You are agile. (Dex +2) [potion of mutation]
 16145 | Lair:2   | Lost mutation: You are agile. (Dex +2) [potion of mutation]
 16145 | Lair:2   | Lost mutation: Your magical capacity is low. (-10% MP) [potion of mutation]
 16145 | Lair:2   | Gained mutation: You are partially covered in molten scales. (AC +2) [potion of mutation]
 16145 | Lair:2   | Gained mutation: You can translocate small distances at will. [potion of mutation]
 16375 | Lair:2   | Found a staircase to the Shoals.
 17426 | Lair:3   | Reached XP level 13. HP: 35/55 MP: 19/29
 17735 | Lair:3   | Learned a level 2 spell: Blink
 17791 | Lair:3   | Got a transparent cloak
 17797 | Lair:3   | Identified the cursed -1 cloak "Cadyaffa" {Int+2 Dex+3} (You found it on level 3 of the Lair of Beasts)
 18319 | Lair:3   | Identified Ofaaroe's Volume of Igneous Evil
 18874 | Lair:2   | Learned a level 6 spell: Statue Form
 19012 | Lair:4   | Found a staircase to the Snake Pit.
 19025 | Lair:4   | Reached skill level 1 in Translocations
 19025 | Lair:4   | Reached skill level 1 in Transmutations
 19115 | Lair:4   | Found a dark tunnel.
 19124 | Volcano  | Entered a volcano
 19173 | Volcano  | Noticed VirginKiller's ghost (journeyman DgSk)
 19185 | Volcano  | Killed VirginKiller's ghost
 19280 | Volcano  | Noticed tof's ghost (journeyman MiGl)
 19332 | Volcano  | Killed tof's ghost
 19375 | Volcano  | Found a bloodstained altar of Trog.
 20434 | Lair:5   | Reached skill level 15 in Stealth
 20998 | Lair:6   | Entered Level 6 of the Lair of Beasts
 21033 | Lair:6   | Found an opulent altar of Gozag.
 21055 | Lair:6   | Reached skill level 1 in Fighting
 21099 | Lair:6   | Found a staircase to the Slime Pits.
 21223 | Lair:5   | Reached XP level 14. HP: 50/61 MP: 7/31
 21548 | Lair:6   | Reached skill level 1 in Earth Magic
 21838 | Lair:6   | Identified the Guide on the Rocks and the Arsonist
 22555 | Lair:5   | Reached skill level 5 in Transmutations
 23761 | Orc:1    | Entered Level 1 of the Orcish Mines
 23854 | Orc:2    | Entered Level 2 of the Orcish Mines
 23857 | Orc:2    | Found a staircase to the Elven Halls.
 24162 | Orc:2    | Found Wemiq's Armour Emporium.
 24191 | Orc:2    | Bought a +1 cloak of poison resistance for 229 gold pieces
 24951 | Orc:2    | Found Wetil's Assorted Antiques.
 24951 | Orc:2    | Found Hachiuw's Food Boutique.
 24956 | Orc:2    | Found Jiucoas's Gadget Shoppe.
 24956 | Orc:2    | Found Wirouniun's Distillery.
 25158 | Orc:1    | Found a roughly hewn altar of Beogh.
 25698 | D:13     | Noticed Sonja
 25707 | D:13     | Killed Sonja
 25764 | D:13     | Reached XP level 15. HP: 68/68 MP: 32/32
 25916 | Lair:2   | Bought the ring "Orchuux" {*Slow rElec rPois Slay+2 Stlth+} for 385 gold pieces
 26244 | D:13     | Noticed Azrael
 26361 | D:13     | Killed Azrael
 26707 | D:13     | Reached XP level 16. HP: 74/74 MP: 34/34
 26982 | D:14     | Reached skill level 5 in Earth Magic
 27056 | D:14     | Found a gate to the Vaults.
 27139 | D:14     | Found Xuckeonn's Assorted Antiques.
 27146 | D:14     | Bought a dull robe for 188 gold pieces
 27156 | D:14     | Identified the +1 robe of Whack-A-Mole {rElec rF- Int+5} (You bought it in a shop on level 14 of the Dungeon)
 27207 | D:14     | Found a radiant altar of Vehumet.
 27246 | D:14     | Learned a level 2 spell: Swiftness
 27443 | D:14     | Upgraded the game from 0.21-a0-352-g5b8f553 to 0.21-a0-356-g45b0a09
 27793 | D:15     | Entered Level 15 of the Dungeon
 28364 | D:15     | Reached skill level 1 in Shields
 28378 | D:15     | Found a staircase to the Depths.
 28701 | Elf:1    | Entered Level 1 of the Elven Halls
 29148 | Snake:1  | Entered Level 1 of the Snake Pit
 29472 | Depths:1 | Entered Level 1 of the Depths
 29621 | Depths:1 | Found a one-way gate to the infinite horrors of the Abyss.
 29634 | Depths:1 | Noticed Bai Suzhen
 29835 | Shoals:1 | Entered Level 1 of the Shoals
 30314 | Shoals:1 | Found Wocvuell's Antique Weapon Emporium.
 30759 | Shoals:2 | Reached skill level 5 in Fighting
 31325 | Lair:2   | Learned a level 3 spell: Stone Arrow
 31872 | Elf:1    | Reached skill level 10 in Transmutations
 32815 | Elf:1    | Reached XP level 17. HP: 80/80 MP: 36/36
 35311 | Elf:2    | Reached skill level 1 in Conjurations
 35404 | Elf:3    | Entered Level 3 of the Elven Halls
 35866 | Depths:1 | Found a gateway to Hell.
 36226 | Depths:1 | HP: 1/82 [stone giant/large rock (37)]
 37041 | Depths:1 | Found Cuotimus's Antique Weapon Shop.
 37041 | Depths:1 | Found Boneffeh's Book Boutique.
 37042 | Depths:1 | Found Mehautow's Armour Shop.
 37046 | Depths:1 | Found Ratiustru's Antique Armour Boutique.
 37084 | Depths:1 | Bought a book of Enchantments for 900 gold pieces
 37093 | Depths:1 | Learned a level 8 spell: Discord
 38285 | Depths:1 | Reached skill level 1 in Air Magic
 38327 | Depths:1 | Killed Bai Suzhen
 38887 | Depths:1 | Found a one-way gate leading to the halls of Pandemonium.
 39278 | Depths:2 | Found a gateway to a ziggurat.
 39296 | Depths:2 | Reached XP level 18. HP: 77/87 MP: 20/37
 40795 | Elf:3    | Reached skill level 15 in Spellcasting
 40872 | Elf:3    | HP: 4/87 [deep elf blademaster (1)]
 41957 | Elf:3    | Reached skill level 5 in Shields
 42190 | Elf:3    | HP: 3/87 [acid (15)]
 42190 | Elf:3    | Demolished by a deep elf blademaster

Vault maps used:
D:1:      eino_arrival_water_cross
D:2:      nicolae_tso_swordbearing_angel
D:3:      first_bread, serial_undead, serial_undead_a, serial_undead_e,
          serial_undead_a, serial_undead_e, wad_floor_pattern_1, minmay_cut_off,
          uniq_natasha
D:4:      minmay_temple_entry_statues_pillars, lightli_sewer_entry_pipes,
          serial_shops, shop_statue
D:5:      gammafunk_steamed_eel
D:6:      enter_ossuary_4, minmay_misc_feat_chi
D:7:      uniq_duvessa
D:8:      blue_anna_alchemist
D:9:      serial_shops, kennysheep_mini, grunt_dithmenos_shadows, uniq_pikel,
          uniq_erica
D:10:     erik_lair_orcish_takeover, basic_altar, wad_floor_pattern_untrapped,
          uniq_urug, uniq_harold
D:11:     orc_0_dummy, serial_shops, nicolae_shop_statue_plus
D:12:     st_stairs_2, minmay_fire_ice_demons, uniq_fannar
D:13:     uniq_azrael, uniq_sonja
D:14:     erik_vaults_1, grunt_decor_one_mirror, serial_shops,
          nicolae_shop_crystal, basic_altar, hangedman_decor_growths,
          minivault_19
D:15:     grunt_enter_depths_hoard, hangedman_decor_diamond_cutter
Temple:   regret_index_temple_sigil_plot
Lair:2:   shoals_dummy_entry, lab_entry_generic
Lair:3:   minivault_23, grunt_megastairs_2, serial_bayou_shore_b
Lair:4:   guppyfry_snake_entry_garden, enter_volcano_2,
          hangedman_lair_unloving_vines
Lair:6:   minmay_lair_end_frog_pond, nicolae_slime_entry_slimehenge,
          lemuel_oklob_altar
Shoals:1: serial_shops, shop
Snake:1:  uniq_frances, uniq_nikola, uniq_roxanne
Orc:1:    lemuel_statue_altar
Orc:2:    grunt_orc_tribal_feast, serial_shops, shop
Elf:1:    hangedman_corner_corridor, hangedman_elf_targetted_burst,
          patterned_corridor
Elf:3:    elf_hall_gauntlet_narrow
Depths:1: minmay_misc_feat_room, pan_entry, grunt_hell_entry_dis_old,
          abyss_entry, kennysheep_generic_room_11, minmay_shoptagon,
          uniq_bai_suzhen
Depths:2: wad_cavern_with_rooms, enter_ziggurat_d, minmay_room_of_horrors,
          hell_entry, hangedman_glass_teeth, roderic_lattice_a
Abyss:3:  bh_abyss_exit_choice
Lab:      labyrinth_watery, nicolae_lab_dead_end, lab_statue,
          nicolae_lab_statue, labyrinth_skeletal_remains, nicolae_lab_diamond,
          nicolae_lab_grate_2, nicolae_lab_t_cross, nicolae_lab_quarters
Sewer:    kennysheep_pipe_town
Ossuary:  ossuary_minmay_tomb_2a
Volcano:  volcano_lake

Skill      XL: |  1  2  3  4  5  6  7  8  9 10 11 12 13 14 15 16 17 18 |
---------------+-------------------------------------------------------+-----
Hexes          | 4 5 6 8 10 11 13 14 15 16 17 18 | 18.4
Spellcasting   | 3 4 5 6 7 8 9 10 11 12 13 14 15 | 15.1
Stealth        | 5 7 8 9 10 11 13 14 15 16 17 18 | 18.8
Short Blades   | 4 5 7 8 9 |  9.1
Dodging        | 5 7 9 10 12 13 | 13.4
Charms         | 4 5 |  5.6
Necromancy     | 2 4 |  4.9
Translocations | 3 4 |  4.0
Transmutations | 3 6 8 10 | 10.7
Fighting       | 1 3 5 6 |  6.4
Earth Magic    | 3 4 7 8 |  8.8
Fire Magic     | 2 |  2.4
Shields        | 2 4 5 |  5.0
Conjurations   | 2 3 |  3.4
Air Magic      | 3 4 |  4.8

Action                   |  1- 3 |  4- 6 |  7- 9 | 10-12 | 13-15 | 16-18 || total
-------------------------+-------+-------+-------+-------+-------+-------++-------
Melee: Dagger            |   102 |   130 |   290 |   564 |   883 |   609 ||  2578
       Rapier            |       |       |       |       |       |   257 ||   257
 Cast: Corona            |    11 |       |       |     1 |       |       ||    12
       Ensorcelled Hiber |    10 |     4 |     3 |    17 |    27 |    11 ||    72
       Confuse           |       |    30 |    84 |   149 |   277 |   302 ||   842
       Dazzling Spray    |       |       |    12 |    20 |    49 |    50 ||   131
       Tukima's Dance    |       |       |     3 |       |       |    13 ||    16
       Regeneration      |       |       |       |     3 |     8 |     4 ||    15
       Stone Arrow       |       |       |       |       |       |    43 ||    43
       Statue Form       |       |       |       |       |       |    11 ||    11
       Blink             |       |       |       |       |       |     2 ||     2
       Discord           |       |       |       |       |       |    16 ||    16
       Swiftness         |       |       |       |       |       |     1 ||     1
Invok: Call Merchant     |       |       |       |     1 |     4 |     2 ||     7
 Abil: End Transformatio |       |       |       |       |       |     1 ||     1
Evoke: Wand              |       |       |       |       |       |     4 ||     4
  Use: Scroll            |       |       |       |    20 |     2 |     7 ||    29
       Potion            |       |       |       |    12 |     1 |     4 ||    17
 Stab: Sleeping          |    15 |    16 |    45 |    64 |    66 |    72 ||   278
       Distracted        |       |     2 |       |     1 |     2 |     5 ||    10
       Confused          |       |     8 |    27 |    99 |   184 |   165 ||   483
       Invisible         |       |       |       |     2 |     7 |     3 ||    12
  Eat: Fruit             |       |     3 |       |       |     8 |     7 ||    18
       Royal jelly       |       |       |     2 |     3 |     3 |     6 ||    14
       Bread ration      |       |       |     1 |       |       |       ||     1
Armor: Robe              |    10 |     8 |    18 |    18 |    20 |    21 ||    95
       Skin              |       |       |       |       |       |   123 ||   123
Dodge: Dodged            |    74 |    67 |   147 |   269 |   403 |   632 ||  1592
Block: Buckler           |       |       |       |       |       |    94 ||    94

Table legend:
 A = Spawn XP
 B = Non-spawn XP
 C = Spawn XP percentage of total XP
 D = Spawn monster count
 E = Non-spawn monster count
 F = Spawn count percentage of total count
 G = Total turns spent on level
                    A         B        C        D         E        F      G
               +---------+---------+-------+---------+---------+-------+---------
         Total |       0 |  268272 |   0.0 |       0 |    1004 |   0.0 | 42190
               +---------+---------+-------+---------+---------+-------+---------
           D:1 |       0 |      45 |   0.0 |       0 |      22 |   0.0 |  1562
           D:2 |       0 |      65 |   0.0 |       0 |      19 |   0.0 |   993
           D:3 |       0 |     171 |   0.0 |       0 |      24 |   0.0 |   953
           D:4 |       0 |    1119 |   0.0 |       0 |      40 |   0.0 |  1027
           D:5 |       0 |     465 |   0.0 |       0 |      20 |   0.0 |  1263
           D:6 |       0 |     559 |   0.0 |       0 |      22 |   0.0 |   723
           D:7 |       0 |     587 |   0.0 |       0 |       8 |   0.0 |   387
           D:8 |       0 |    2686 |   0.0 |       0 |      24 |   0.0 |  1488
           D:9 |       0 |    3438 |   0.0 |       0 |      30 |   0.0 |  1258
          D:10 |       0 |    5907 |   0.0 |       0 |      49 |   0.0 |  1883
          D:11 |       0 |    2151 |   0.0 |       0 |      22 |   0.0 |  1530
          D:12 |       0 |    5941 |   0.0 |       0 |      31 |   0.0 |   890
          D:13 |       0 |    9854 |   0.0 |       0 |      46 |   0.0 |  1122
          D:14 |       0 |    9743 |   0.0 |       0 |      26 |   0.0 |   779
          D:15 |       0 |   11137 |   0.0 |       0 |      30 |   0.0 |  2629
        Lair:1 |       0 |    4408 |   0.0 |       0 |      20 |   0.0 |  1422
        Lair:2 |       0 |    5073 |   0.0 |       0 |      25 |   0.0 |  1537
        Lair:3 |       0 |   12026 |   0.0 |       0 |      48 |   0.0 |  1337
        Lair:4 |       0 |    7339 |   0.0 |       0 |      31 |   0.0 |  1265
        Lair:5 |       0 |    7373 |   0.0 |       0 |      19 |   0.0 |   929
        Lair:6 |       0 |   21391 |   0.0 |       0 |      87 |   0.0 |  2384
      Shoals:1 |       0 |    7598 |   0.0 |       0 |      18 |   0.0 |   927
      Shoals:2 |       0 |    7389 |   0.0 |       0 |      15 |   0.0 |   533
         Orc:1 |       0 |    2331 |   0.0 |       0 |      35 |   0.0 |   721
         Orc:2 |       0 |   10174 |   0.0 |       0 |      52 |   0.0 |  1504
         Elf:1 |       0 |   20071 |   0.0 |       0 |      36 |   0.0 |  2524
         Elf:2 |       0 |   28250 |   0.0 |       0 |      48 |   0.0 |  2392
         Elf:3 |       0 |   30473 |   0.0 |       0 |      40 |   0.0 |  1891
      Depths:1 |       0 |   38954 |   0.0 |       0 |      51 |   0.0 |  2056
      Depths:2 |       0 |    2852 |   0.0 |       0 |       3 |   0.0 |   113
           Lab |       0 |    3131 |   0.0 |       0 |       9 |   0.0 |   265
         Sewer |       0 |     157 |   0.0 |       0 |      24 |   0.0 |   842
       Ossuary |       0 |     286 |   0.0 |       0 |      16 |   0.0 |   444
       Volcano |       0 |    5128 |   0.0 |       0 |      14 |   0.0 |   345
               +---------+---------+-------+---------+---------+-------+---------
